Map: Acid Plant LE

Players

Nice

  • Race: Protoss Protoss
  • Spawn Location: 5:00

ShoWTimE - Winner!

  • Race: Protoss Protoss
  • Spawn Location: 11:00

Event: WCS Montreal 2018

VOD

Have the link to the VOD?

Description

Time

  • Played on: Sept. 7, 2018, 5:10 p.m.
  • Length: 10:14

All games in this series

Show
View Real Time Build Order
Export as new Build Order

Nice Protoss 

Build Orders: Oracle Opening 

Get SALT Encoding   

  12  0:00  Probe  
  13  0:12  Probe  
  14  0:17  Pylon  
  14  0:24  Probe  
  15  0:32  Probe  
  15  0:38  Gateway  
  15  0:40  Probe  
  16  0:46  Assimilator  
  17  0:51  Assimilator  
  17  0:53  Probe  
  18  1:01  Probe  
  18  1:08  Gateway  
  18  1:09  Probe  
  20  1:20  Probe  
  20  1:24  Cybernetics Core  
  21  1:35  Pylon, Probe  
  22  1:47  Probe  
  22  1:52  Pylon  
  23  1:59  Probe  
  24  2:04  Pylon  
  24  2:07  Stalker  
  26  2:13  Stalker  
  28  2:18  Warp Gate  
  28  2:30  Stargate  
  27  2:45  Probe  
  27  2:47  Stalker  
  27  2:48  Stalker  
  32  3:03  Oracle  
  34  3:30  Nexus  
  34  3:31  Oracle  
  34  3:32  Pylon  
  37  3:45  Probe  
  38  3:57  Probe  
  39  4:07  Probe  
  40  4:15  Twilight Council, Probe  
  37  4:23  Adept x2  
  37  4:24  Probe  
  43  4:35  Probe  
  44  4:43  Blink  
  44  4:45  Probe  
  44  4:52  Probe  
  46  4:53  Stalker x2  
  46  4:55  Probe  
  51  5:04  Probe  
  52  5:12  Probe  
  53  5:16  Probe  
  54  5:23  Forge  
  54  5:24  Probe  
  54  5:28  Probe  
  54  5:32  Stalker x2  
  54  5:35  Protoss Ground Weapons Level 1  
  56  5:36  Probe  
  56  5:40  Probe  
  58  5:48  Probe  
  58  5:49  Pylon  
  60  6:02  Nexus  
  56  6:08  Probe x2  
  55  6:20  Probe  
  55  6:21  Probe  
  55  6:22  Assimilator  
  55  6:25  Robotics Facility  
  57  6:28  Charge  
  57  6:30  Gateway  
  57  6:31  Gateway  
  57  6:33  Templar Archives  
  57  6:38  Gateway  
  57  6:49  Pylon  
  57  6:52  Zealot x2  
  61  6:58  Gateway  
  61  7:02  Assimilator  
  61  7:03  Gateway  
  61  7:08  Gateway  
  61  7:13  Observer  
  62  7:17  Probe x3  
  62  7:20  Zealot  
  62  7:21  Zealot  
  69  7:28  Warp Prism  
  68  7:42  High Templar x2  
  68  7:43  Zealot x3  
  80  7:45  Probe x2  
  81  7:52  Pylon  
  81  8:04  Archon  
  80  8:06  Zealot x3  
  80  8:07  Zealot  
  86  8:17  Pylon  
  86  8:19  High Templar  
  88  8:20  High Templar, Zealot  
  88  8:23  Archon  
  88  8:24  Zealot  
  88  8:26  Zealot  
  88  8:27  Zealot  
  98  8:45  Zealot x3  
  98  8:46  Zealot  
  88  8:48  Zealot x2  
  88  8:52  Zealot  
  88  8:54  Zealot  
  67  9:07  High Templar x2, Zealot  
  67  9:08  Zealot  
  75  9:11  Archon  
  75  9:24  Zealot x4  
  75  9:25  Zealot  
  75  9:29  Warp Prism  
  71  9:32  High Templar x2  
  71  9:33  Zealot x4  
  71  9:37  Archon  
  79  9:40  Zealot x2  
  73  9:55  Zealot x4  
  77  10:02  Zealot x2  
  65  10:09  Zealot  
  65  10:11  Zealot  
Show
View Real Time Build Order
Export as new Build Order

ShoWTimE Protoss - Winner!

Build Orders: Phoenix Opening 

Get SALT Encoding   

  12  0:00  Probe  
  13  0:13  Probe  
  14  0:17  Pylon  
  14  0:24  Probe  
  15  0:32  Probe  
  15  0:37  Gateway  
  15  0:40  Probe  
  16  0:46  Assimilator  
  17  0:50  Probe  
  17  0:54  Assimilator  
  18  0:59  Probe  
  19  1:07  Probe  
  19  1:11  Gateway  
  20  1:17  Probe  
  20  1:24  Cybernetics Core  
  21  1:29  Probe  
  22  1:35  Pylon  
  22  1:42  Probe  
  23  1:54  Probe  
  24  2:01  Stalker x2  
  28  2:03  Warp Gate  
  28  2:10  Pylon  
  28  2:31  Stalker  
  30  2:39  Stalker, Stargate  
  32  3:14  Phoenix  
  32  3:15  Nexus  
  32  3:24  Pylon  
  32  3:26  Probe  
  35  3:33  Phoenix  
  35  3:36  Shield Battery  
  35  3:45  Probe  
  37  3:58  Robotics Facility  
  37  4:01  Probe  
  38  4:08  Phoenix  
  38  4:13  Probe  
  41  4:22  Sentry  
  43  4:25  Probe  
  43  4:27  Probe  
  45  4:37  Shield Battery, Probe  
  46  4:39  Probe  
  46  4:40  Observer  
  46  4:42  Sentry  
  49  4:49  Probe  
  49  4:51  Probe  
  52  4:58  Pylon  
  52  5:00  Shield Battery  
  52  5:01  Probe  
  52  5:03  Probe  
  51  5:11  Immortal  
  51  5:13  Probe  
  52  5:15  Shield Battery, Probe  
  57  5:25  Probe  
  57  5:28  Probe  
  59  5:36  Probe  
  59  5:37  Probe  
  59  5:39  Forge  
  61  5:44  Pylon, Probe  
  63  5:50  Probe  
  63  5:52  Protoss Ground Weapons Level 1  
  63  5:53  Assimilator  
  63  5:54  Probe  
  64  5:57  Assimilator  
  64  6:00  Immortal  
  64  6:02  Probe  
  69  6:06  Probe  
  69  6:07  Pylon  
  70  6:14  Probe  
  72  6:21  Twilight Council  
  72  6:26  Probe  
  72  6:35  Gateway x2  
  72  6:39  Pylon  
  72  6:42  Gateway  
  72  6:44  Gateway  
  72  6:47  Immortal  
  76  7:00  Gateway  
  76  7:01  Gateway  
  76  7:03  Charge  
  76  7:08  Templar Archives  
  76  7:10  Pylon  
  76  7:18  Protoss Ground Weapons Level 2  
  76  7:21  Nexus  
  76  7:34  Pylon  
  76  7:38  Zealot x4  
  76  7:40  Zealot  
  86  7:48  Pylon  
  86  7:54  High Templar  
  88  8:01  High Templar x3  
  92  8:05  Archon  
  92  8:15  Photon Cannon  
  92  8:17  Pylon  
  92  8:18  Archon  
  92  8:21  Zealot x4  
  100  8:27  Warp Prism  
  102  8:34  High Templar x2  
  102  8:38  Archon  
  102  8:39  Zealot x2  
  110  8:46  Zealot x2  
  100  8:54  Zealot x2  
  86  9:04  High Templar x2  
  86  9:08  Archon  
  86  9:09  Shield Battery  
  90  9:10  Pylon, Probe x2  
  90  9:11  Probe  
  93  9:17  Zealot x3  
  99  9:24  Zealot x2  
  99  9:32  Zealot  
  99  9:40  High Templar  
  99  9:41  High Templar, Zealot x2  
  99  9:42  Zealot  
  109  9:45  Archon  
  109  9:46  Zealot x2  
  109  9:49  Observer  
  92  10:11  Zealot x6  
Tags
 
Add a new tag
Caveats
  • Supply blocks, unpowered buildings, or Contaminate may cause inaccurate times.
  • Supply counts are checked every 10 seconds.